[Event "FIDE Open World Rapid 2024"]
[Site "New York"]
[Date "2024.12.27"]
[Round "7.26"]
[White "Indjic, Aleksandar"]
[Black "Blohberger, Felix"]
[Result "1/2-1/2"]
[ECO "A45"]
[WhiteElo "2647"]
[BlackElo "2534"]
[Annotator "ChessBase"]
[PlyCount "132"]
[EventDate "2024.12.14"]
[EventType "swiss"]
[EventCountry "USA"]
[SourceTitle "playchess.com"]
[Source "ChessBase"]
[SourceQuality "1"]
[TimeControl "900+10"]

1. d4 Nf6 2. Bg5 e6 3. e4 h6 4. Bxf6 Qxf6 5. c3 c5 6. d5 exd5 7. Qxd5 Qe6 8. Bc4 Nc6 9. Nd2 Ne5 10. O-O-O Qxd5 11. exd5 Nxc4 12. Nxc4 d6 13. Ne2 Bd7 14. Ng3 Kd8 15. Rde1 Kc7 16. Re3 b5 17. Na5 h5 18. h4 g6 19. Kc2 Re8 20. Rxe8 Bxe8 21. Re1 Bd7 22. Ne4 Bg7 23. Ng5 Re8 24. Rxe8 Bxe8 25. Nb3 Bf6 26. Nd2 Bxg5 27. hxg5 Bd7 28. Nf1 Bf5+ 29. Kd2 Kb6 30. b4 a5 31. a3 Be4 32. Ne3 h4 33. f3 h3 34. gxh3 Bxf3 35. Ke1 axb4 36. axb4 Kc7 37. Kf2 Bh5 38. Kg3 Kb6 39. Kf4 Be2 40. h4 cxb4 41. cxb4 Kc7 42. Nc2 Bc4 43. Nd4 Kd7 44. Ke4 Bf1 45. Ke3 Bc4 46. Kf4 Ke7 47. Kg4 Kd7 48. Kf4 Ke7 49. Ke4 Kd7 50. Nf3 Be2 51. Nd2 Kc7 52. Nb1 Kd7 53. Nc3 Bc4 54. Kf4 Ke7 55. Kg4 Kf8 56. h5 gxh5+ 57. Kxh5 Kg7 58. Ne4 Bxd5 59. Nxd6 Bf3+ 60. Kh4 Kg6 61. Nxb5 f6 62. Kg3 Bh1 63. gxf6 Kxf6 64. Nd4 Ke5 65. Nf3+ Bxf3 66. Kxf3 Kd4 1/2-1/2

[Event "FIDE Open World Rapid 2024"]
[Site "New York"]
[Date "2024.12.27"]
[Round "7.26"]
[White "Bortnyk, Olexandr"]
[Black "Corrales Jimenez, Fidel"]
[Result "1-0"]
[ECO "C47"]
[WhiteElo "2603"]
[BlackElo "2555"]
[Annotator "ChessBase"]
[PlyCount "93"]
[EventDate "2024.12.14"]
[EventType "swiss"]
[EventCountry "USA"]
[SourceTitle "playchess.com"]
[Source "ChessBase"]
[SourceQuality "1"]
[TimeControl "900+10"]

1. e4 e5 2. Nf3 Nf6 3. Nc3 Nc6 4. Nd5 d6 5. d4 Be7 6. Bb5 O-O 7. Bxc6 bxc6 8. Nxf6+ Bxf6 9. dxe5 Bxe5 10. Nxe5 dxe5 11. O-O Qh4 12. Qf3 Rd8 13. Re1 Rd6 14. Qg3 Qh5 15. Qg5 Qxg5 16. Bxg5 c5 17. Be7 Rc6 18. Re3 Be6 19. Rc3 c4 20. Rd1 f6 21. Ba3 Kf7 22. h4 h5 23. Kf1 Rb8 24. Ke2 Bg4+ 25. f3 Be6 26. Kf2 Ke8 27. g3 Kf7 28. f4 exf4 29. gxf4 g6 30. Rd4 f5 31. exf5 gxf5 32. Rg3 c3 33. b3 Ra6 34. Bc1 Rxa2 35. Rxc3 Rxb3 36. Rxc7+ Ke8 37. Be3 Rb5 38. Rd6 Bb3 39. Rdc6 Rd5 40. Kg3 Ba4 41. Re6+ Kd8 42. Rxa7 Bd7 43. Bb6+ Kc8 44. Rc7+ Kb8 45. Rh6 Be8 46. Rh8 Rd8 47. Rc3 1-0

[Event "FIDE Open World Rapid 2024"]
[Site "New York"]
[Date "2024.12.27"]
[Round "7.27"]
[White "Papasimakopoulos, Alexandros"]
[Black "Hovhannisyan, Robert"]
[Result "0-1"]
[ECO "D35"]
[WhiteElo "2379"]
[BlackElo "2626"]
[Annotator "ChessBase"]
[PlyCount "182"]
[EventDate "2024.12.14"]
[EventType "swiss"]
[EventCountry "USA"]
[SourceTitle "playchess.com"]
[Source "ChessBase"]
[SourceQuality "1"]
[TimeControl "900+10"]

1. d4 Nf6 2. c4 e6 3. Nc3 d5 4. cxd5 exd5 5. Bg5 c6 6. e3 Bf5 7. Qf3 Bg6 8. Bxf6 Qxf6 9. Qxf6 gxf6 10. Kd2 Nd7 11. Nf3 Nb6 12. Bd3 Nc4+ 13. Bxc4 dxc4 14. e4 O-O-O 15. g4 Bb4 16. Ke3 Rhe8 17. Nd2 f5 18. gxf5 Bxf5 19. f3 Be6 20. Rad1 f5 21. Rhg1 Ba5 22. exf5 Bxf5+ 23. Nde4 Bc7 24. h4 Rd7 25. Rg2 b5 26. a3 Bb6 27. Rg5 Rf7 28. Rdg1 Rd8 29. Ne2 Bxe4 30. fxe4 Rfd7 31. Rd1 Kb7 32. h5 a5 33. h6 Rc7 34. Rg7 Rd6 35. Rh1 b4 36. a4 Ka6 37. e5 Rxh6 38. Rxh6 Rxg7 39. Rxc6 c3 40. bxc3 b3 41. Rh6 Rg1 42. c4 b2 43. c5 b1=Q 44. Rxb6+ Qxb6 45. cxb6 Rg8 46. Nf4 Kxb6 47. Nd5+ Kb7 48. Nf6 Rg1 49. Nxh7 Ra1 50. Nf6 Ra3+ 51. Ke4 Rxa4 52. e6 Ra1 53. Ke5 Re1+ 54. Kd6 a4 55. Nd5 a3 56. Nb4 Re4 57. Nc2 a2 58. d5 Re2 59. Na1 Re1 60. e7 Kc8 61. Nc2 Re4 62. Na1 Re3 63. Nc2 Re2 64. Na1 Re4 65. Nb3 Re1 66. Na1 Kb7 67. Kd7 Rxa1 68. e8=Q Rc1 69. d6 a1=Q 70. Qe4+ Kb6 71. Qe3+ Kb5 72. Qb3+ Ka5 73. Qd5+ Kb6 74. Qb3+ Kc5 75. Qe3+ Kb4 76. Qb6+ Kc4 77. Qc6+ Kd4 78. Qb6+ Ke4 79. Qb4+ Kf5 80. Qb5+ Kf6 81. Qb7 Qa4+ 82. Kd8 Qa5+ 83. Kd7 Qf5+ 84. Kd8 Qa5+ 85. Kd7 Rc3 86. Qb8 Qf5+ 87. Kd8 Qg5 88. Qc7 Rxc7 89. dxc7 Ke6+ 90. Kc8 Qb5 91. Kd8 Qd7# 0-1

[Event "FIDE Open World Rapid 2024"]
[Site "New York"]
[Date "2024.12.27"]
[Round "7.28"]
[White "Liang, Awonder"]
[Black "Svane, Rasmus"]
[Result "1/2-1/2"]
[ECO "A00"]
[WhiteElo "2687"]
[BlackElo "2628"]
[Annotator "ChessBase"]
[PlyCount "106"]
[EventDate "2024.12.14"]
[EventType "swiss"]
[EventCountry "USA"]
[SourceTitle "playchess.com"]
[Source "ChessBase"]
[SourceQuality "1"]
[TimeControl "900+10"]

1. g3 d5 2. Bg2 e5 3. d3 Nf6 4. Nf3 Bd6 5. O-O O-O 6. Nc3 h6 7. e4 c6 8. Nh4 Bg4 9. Qe1 dxe4 10. dxe4 Be6 11. Kh1 Nbd7 12. f4 Bc4 13. Rf3 Re8 14. f5 Be7 15. Bd2 Qc7 16. g4 Nh7 17. Bf1 Nb6 18. b3 Bxf1 19. Rxf1 Rad8 20. Nf3 Rd7 21. h4 Qd8 22. Be3 f6 23. Rg1 Nc8 24. Nd1 Nd6 25. Nf2 Nf7 26. Qc3 Qc7 27. Rg2 c5 28. Qc4 Qc6 29. a4 Kf8 30. Rag1 Nd6 31. Qxc5 Nxe4 32. Qxc6 Nxf2+ 33. Rxf2 bxc6 34. Rd2 Rc7 35. Rgd1 Rec8 36. Rd7 Ke8 37. Rxc7 Rxc7 38. Nd2 Nf8 39. Ne4 Nd7 40. Kg2 c5 41. Kf3 c4 42. Rd5 cxb3 43. cxb3 Bb4 44. Nd6+ Bxd6 45. Rxd6 Nc5 46. Bxc5 Rxc5 47. Ra6 Rc3+ 48. Ke4 Rxb3 49. Rxa7 Rb4+ 50. Kd5 e4 51. Ra8+ Ke7 52. Ra7+ Ke8 53. Ra8+ Ke7 1/2-1/2

[Event "FIDE Open World Rapid 2024"]
[Site "New York"]
[Date "2024.12.27"]
[Round "7.28"]
[White "Andersen, Mads"]
[Black "Escobar Forero, Alder"]
[Result "1-0"]
[ECO "B31"]
[WhiteElo "2592"]
[BlackElo "2420"]
[Annotator "ChessBase"]
[PlyCount "63"]
[EventDate "2024.12.14"]
[EventType "swiss"]
[EventCountry "USA"]
[SourceTitle "playchess.com"]
[Source "ChessBase"]
[SourceQuality "1"]
[TimeControl "900+10"]

1. e4 c5 2. Nf3 Nc6 3. Bb5 g6 4. O-O Bg7 5. Re1 Nf6 6. c3 O-O 7. d4 d5 8. e5 Ne4 9. Be3 Qb6 10. Bxc6 bxc6 11. Qc1 c4 12. Nbd2 Nxd2 13. Nxd2 Bf5 14. b3 Bd3 15. Qa3 Rfe8 16. Bg5 f6 17. Bf4 Bf8 18. e6 g5 19. Bg3 f5 20. h4 g4 21. Bf4 Bg7 22. bxc4 dxc4 23. Nf1 Bf6 24. h5 c5 25. d5 Rad8 26. Ne3 Qb7 27. Rac1 Rxd5 28. Nxd5 Qxd5 29. Qxa7 Ra8 30. Qc7 Kg7 31. Be5 Rxa2 32. Qxe7+ 1-0

[Event "FIDE Open World Rapid 2024"]
[Site "New York"]
[Date "2024.12.27"]
[Round "7.29"]
[White "Erenburg, Sergey"]
[Black "Oro, Faustino"]
[Result "0-1"]
[ECO "B80"]
[WhiteElo "2510"]
[BlackElo "2433"]
[Annotator "ChessBase"]
[PlyCount "62"]
[EventDate "2024.12.14"]
[EventType "swiss"]
[EventCountry "USA"]
[SourceTitle "playchess.com"]
[Source "ChessBase"]
[SourceQuality "1"]
[TimeControl "900+10"]

1. e4 c5 2. Nf3 d6 3. d4 cxd4 4. Nxd4 Nf6 5. Nc3 a6 6. Be3 e6 7. f3 h5 8. Qd2 Be7 9. Be2 b5 10. O-O Bb7 11. a4 b4 12. Na2 a5 13. Bb5+ Nfd7 14. c3 bxc3 15. Nxc3 O-O 16. Rac1 Nc5 17. Rfd1 Nbd7 18. Qf2 Rc8 19. Rc2 Bh4 20. Qe2 Bf6 21. Rcd2 Qe7 22. Bxd7 Nxd7 23. Ndb5 d5 24. exd5 Bxd5 25. Nxd5 exd5 26. Rxd5 Nb6 27. R5d2 Nc4 28. Bd4 Nxd2 29. Rxd2 Bxd4+ 30. Nxd4 Rc1+ 31. Kf2 Qh4+ 0-1

[Event "FIDE Open World Rapid 2024"]
[Site "New York"]
[Date "2024.12.27"]
[Round "7.29"]
[White "Lenderman, Aleksandr"]
[Black "Muradli, Mahammad"]
[Result "0-1"]
[ECO "D30"]
[WhiteElo "2480"]
[BlackElo "2588"]
[Annotator "ChessBase"]
[PlyCount "76"]
[EventDate "2024.12.14"]
[EventType "swiss"]
[EventCountry "USA"]
[SourceTitle "playchess.com"]
[Source "ChessBase"]
[SourceQuality "1"]
[TimeControl "900+10"]

1. d4 Nf6 2. Nf3 d5 3. c4 e6 4. e3 a6 5. Nbd2 b6 6. cxd5 exd5 7. b3 Bd6 8. Bb2 O-O 9. Bd3 Bb7 10. O-O Ne4 11. Qc2 Qe7 12. Rac1 Nd7 13. Rfd1 Rac8 14. Nf1 g6 15. Qe2 Rfe8 16. Ng3 h5 17. Rc2 h4 18. Nf1 h3 19. gxh3 Kg7 20. Ng3 Rh8 21. h4 Ndf6 22. Bxa6 Bxa6 23. Qxa6 Ra8 24. Qf1 Rxa2 25. Qg2 Ng4 26. Re1 Kf8 27. Ree2 Nexf2 28. Rxf2 Nxe3 29. Rfe2 Nxg2 30. Rxe7 Bxe7 31. Kxg2 Kg7 32. Rf2 Bxh4 33. Ne5 Bf6 34. Nc6 Re8 35. Ne5 Re6 36. h4 Bxe5 37. dxe5 c5 38. Ne2 Rxb2 0-1

[Event "FIDE Open World Rapid 2024"]
[Site "New York"]
[Date "2024.12.27"]
[Round "7.30"]
[White "Dragnev, Valentin"]
[Black "Juksta, Karolis"]
[Result "1/2-1/2"]
[ECO "C42"]
[WhiteElo "2563"]
[BlackElo "2403"]
[Annotator "ChessBase"]
[PlyCount "143"]
[EventDate "2024.12.14"]
[EventType "swiss"]
[EventCountry "USA"]
[SourceTitle "playchess.com"]
[Source "ChessBase"]
[SourceQuality "1"]
[TimeControl "900+10"]

1. e4 e5 2. Nf3 Nf6 3. Nxe5 d6 4. Nd3 Nxe4 5. Qe2 Qe7 6. Nf4 Nf6 7. d4 d5 8. h4 Bf5 9. c3 h5 10. f3 Nbd7 11. Kf2 O-O-O 12. Qxe7 Bxe7 13. Bd3 Bxd3 14. Nxd3 Rhe8 15. Nd2 c5 16. Nf1 c4 17. Nf4 Bd6 18. Ng3 g6 19. Nh3 Kc7 20. Bg5 Bxg3+ 21. Kxg3 Re2 22. Rab1 Rde8 23. Nf4 Rc2 24. Rhc1 Rxc1 25. Rxc1 b5 26. Kf2 Kc6 27. Nh3 Nh7 28. Bd2 a5 29. Ng5 Nxg5 30. Bxg5 b4 31. g4 bxc3 32. bxc3 Nb6 33. Rc2 Na4 34. Bc1 Kd7 35. Bf4 Re6 36. Bc1 f6 37. Ba3 hxg4 38. fxg4 Re4 39. Kf3 Ke6 40. Bc1 f5 41. gxf5+ Kxf5 42. Bg5 Re8 43. Kg3 Re1 44. Kf2 Rd1 45. Bd8 Rd3 46. Bxa5 Rh3 47. Kg2 Rxh4 48. Rf2+ Rf4 49. Re2 Re4 50. Rf2+ Rf4 51. Re2 Re4 52. Rf2+ Kg4 53. Rf6 g5 54. Rd6 Re2+ 55. Kf1 Rxa2 56. Rxd5 Rc2 57. Bd8 Nxc3 58. Rxg5+ Kf3 59. Ke1 Ne4 60. Rf5+ Ke3 61. Kd1 Rd2+ 62. Kc1 c3 63. d5 Kd3 64. Rf3+ Ke2 65. Rh3 Rxd5 66. Bf6 Rd1+ 67. Kc2 Rd2+ 68. Kc1 Rd1+ 69. Kc2 Rd2+ 70. Kc1 Nxf6 71. Rxc3 Ne4 72. Rc2 1/2-1/2

[Event "FIDE Open World Rapid 2024"]
[Site "New York"]
[Date "2024.12.27"]
[Round "7.30"]
[White "Makarian, Rudik"]
[Black "Niemann, Hans Moke"]
[Result "1-0"]
[ECO "E11"]
[WhiteElo "2547"]
[BlackElo "2734"]
[Annotator "TA"]
[PlyCount "61"]
[EventDate "2024.12.14"]
[EventType "swiss"]
[EventCountry "USA"]
[SourceTitle "playchess.com"]
[Source "ChessBase"]
[SourceQuality "1"]
[TimeControl "900+10"]

1. d4 Nf6 2. c4 e6 3. Nf3 d5 4. g3 Bb4+ 5. Bd2 Be7 6. Bg2 O-O 7. Qc2 Nbd7 8. Bf4 c6 9. Nbd2 Nh5 10. h4 h6 {[%emt 0:02:00] Against Bg5} 11. e3 b6 12. cxd5 Nxf4 13. exf4 cxd5 14. O-O Bb7 15. Rfc1 Rc8 16. Qd1 Nf6 17. Bf1 Ne4 18. Bd3 f5 (18... Bd6 $11) 19. Ne5 $14 Bd6 20. Ndf3 Kh7 21. Qe2 Rc7 22. Kg2 Qc8 23. Rxc7 Qxc7 24. Rh1 Kg8 25. Ng6 {[%emt 0:00:39] Excellent horsemanship.} Rc8 {[%emt 0:01:38] [#]} 26. Nfe5 $1 Kh7 27. f3 b5 28. Kh3 (28. fxe4 dxe4 29. Bb1 (29. Bxb5 $2 {perishes.} e3+ 30. Nf3 Qc2 $19) 29... e3+ 30. Nf3 Kxg6 31. Qxe3 Kf7 $11) 28... Nf6 {[%emt 0:01:20] [#]} (28... Bxe5 $16 29. Nxe5 Nd6) 29. g4 $1 $18 ({Don't take} 29. Bxb5 $6 Rb8 $16) 29... Rf8 $2 (29... Re8 30. Rg1 (30. gxf5 exf5 31. Qd2 Bc8 $16) (30. Bxb5 fxg4+ 31. Nxg4 Nxg4 $16) 30... a6) 30. Nxf8+ Bxf8 31. gxf5 1-0

[Event "FIDE Open World Rapid 2024"]
[Site "New York"]
[Date "2024.12.27"]
[Round "7.31"]
[White "Zemlyanskii, Ivan"]
[Black "Bluebaum, Matthias"]
[Result "0-1"]
[ECO "C02"]
[WhiteElo "2543"]
[BlackElo "2650"]
[Annotator "ChessBase"]
[PlyCount "102"]
[EventDate "2024.12.14"]
[EventType "swiss"]
[EventCountry "USA"]
[SourceTitle "playchess.com"]
[Source "ChessBase"]
[SourceQuality "1"]
[TimeControl "900+10"]

1. e4 e6 2. d4 d5 3. e5 c5 4. c3 Nc6 5. Nf3 Nge7 6. Bd3 cxd4 7. cxd4 Nf5 8. Bxf5 exf5 9. Nc3 Be7 10. h4 O-O 11. Ne2 f4 12. Nxf4 Bg4 13. Be3 Qa5+ 14. Kf1 Rad8 15. Qb3 Qa6+ 16. Qd3 f6 17. Qxa6 bxa6 18. Rc1 fxe5 19. Nxe5 Nxe5 20. dxe5 d4 21. Bd2 g5 22. f3 Bd7 23. Nh5 gxh4 24. Rc7 Bb5+ 25. Kf2 Rd7 26. Rhc1 Bd8 27. Rc8 d3 28. Kg1 Bb6+ 29. Kh2 Rxc8 30. Rxc8+ Rd8 31. Rc1 Kf7 32. Re1 Kg6 33. Nf4+ Kf5 34. Kh3 Bf2 35. Re4 Rd4 36. Rxd4 Bxd4 37. Kxh4 Bxb2 38. e6 Bf6+ 39. Kh3 Be5 40. g4+ Kf6 41. Kh4 Bc4 42. a4 a5 43. Kh5 Bd6 44. Kh6 Bb4 45. g5+ Ke7 46. Nxd3 Bxd3 47. Be3 a6 48. f4 Kxe6 49. Bb6 Bd2 50. Bc7 Bg6 51. Kg7 Kf5 0-1

[Event "FIDE Open World Rapid 2024"]
[Site "New York"]
[Date "2024.12.27"]
[Round "7.31"]
[White "Lou, Yiping"]
[Black "Rosen, Eric"]
[Result "1/2-1/2"]
[ECO "D35"]
[WhiteElo "2459"]
[BlackElo "2377"]
[Annotator "ChessBase"]
[PlyCount "86"]
[EventDate "2024.12.14"]
[EventType "swiss"]
[EventCountry "USA"]
[SourceTitle "playchess.com"]
[Source "ChessBase"]
[SourceQuality "1"]
[TimeControl "900+10"]

1. c4 e6 2. Nc3 d5 3. d4 Nf6 4. cxd5 exd5 5. Bg5 c6 6. e3 Bd6 7. Bd3 h6 8. Bh4 O-O 9. Nf3 Be6 10. Ne5 c5 11. O-O Nc6 12. Nxc6 bxc6 13. dxc5 Bxc5 14. Rc1 Rc8 15. Na4 Be7 16. b3 Nd7 17. Bg3 Qa5 18. Qe2 c5 19. Ba6 Rcd8 20. Qb5 Qxb5 21. Bxb5 d4 22. exd4 cxd4 23. Bc7 Rc8 24. Ba6 Rce8 25. Rfd1 Ba3 26. Rc2 Nf6 27. Rxd4 Bf5 28. Re2 Rxe2 29. Bxe2 Rc8 30. Rd8+ Rxd8 31. Bxd8 Nd5 32. Bc4 Nb4 33. Be7 a5 34. Bd8 Nc6 35. Bb6 Bb4 36. Nb2 Bb1 37. a4 Ne5 38. Bd5 Bc2 39. Bd4 Nd7 40. Nc4 Bxb3 41. Nb6 Nc5 42. Bxc5 Bxc5 43. Bxb3 Bxb6 1/2-1/2

[Event "FIDE Open World Rapid 2024"]
[Site "New York"]
[Date "2024.12.27"]
[Round "7.32"]
[White "Akobian, Varuzhan"]
[Black "Tsaruk, Maksim"]
[Result "1-0"]
[ECO "A80"]
[WhiteElo "2564"]
[BlackElo "2424"]
[Annotator "ChessBase"]
[PlyCount "93"]
[EventDate "2024.12.14"]
[EventType "swiss"]
[EventCountry "USA"]
[SourceTitle "playchess.com"]
[Source "ChessBase"]
[SourceQuality "1"]
[TimeControl "900+10"]

1. d4 f5 2. Nc3 Nf6 3. Bg5 d5 4. Bxf6 exf6 5. e3 Be6 6. Bd3 Qd7 7. Nge2 Nc6 8. a3 h5 9. h4 Ne7 10. b3 g5 11. Na4 Ng6 12. hxg5 fxg5 13. Nc5 Bxc5 14. dxc5 Nh4 15. Rh2 O-O-O 16. Nd4 f4 17. exf4 Bg4 18. Qd2 Qe7+ 19. Kf1 Qxc5 20. Qb4 Qf8 21. Qxf8 Rdxf8 22. fxg5 Nf5 23. Bxf5+ Bxf5 24. b4 b6 25. b5 Kd7 26. Re1 Kd6 27. f3 a6 28. a4 axb5 29. axb5 Kc5 30. Rh4 Rhg8 31. Re7 Kd6 32. Nxf5+ Rxf5 33. Rh7 Rfxg5 34. Rh2 Re5 35. R2xh5 Re3 36. R5h6+ Kc5 37. Rxc7+ Kxb5 38. Rb7 Kc4 39. Rc6+ Kd4 40. Rbxb6 Re7 41. Rb4+ Ke5 42. Kf2 Reg7 43. g4 Rf7 44. Kg3 Rgf8 45. f4+ Rxf4 46. Rxf4 Rxf4 47. Re6+ 1-0

[Event "FIDE Open World Rapid 2024"]
[Site "New York"]
[Date "2024.12.27"]
[Round "7.32"]
[White "Gagunashvili, Merab"]
[Black "George, Kevin"]
[Result "1/2-1/2"]
[ECO "E35"]
[WhiteElo "2541"]
[BlackElo "2270"]
[Annotator "ChessBase"]
[PlyCount "199"]
[EventDate "2024.12.14"]
[EventType "swiss"]
[EventCountry "USA"]
[SourceTitle "playchess.com"]
[Source "ChessBase"]
[SourceQuality "1"]
[TimeControl "900+10"]

1. d4 Nf6 2. c4 e6 3. Nc3 Bb4 4. Qc2 d5 5. cxd5 exd5 6. Bg5 h6 7. Bh4 Nc6 8. e3 g5 9. Bg3 h5 10. Bb5 h4 11. Be5 O-O 12. Bxf6 Qxf6 13. h3 Ne7 14. Nf3 c6 15. Bd3 Be6 16. a3 Ba5 17. Qa4 Bc7 18. O-O-O a5 19. Qc2 b5 20. Ne2 Bd6 21. e4 dxe4 22. Bxe4 Nd5 23. Qd2 Nf4 24. g3 hxg3 25. fxg3 Nxe2+ 26. Qxe2 Bxg3 27. Rdg1 Bf4+ 28. Kb1 Rfe8 29. Nxg5 Bxg5 30. Qh5 Kf8 31. Qxg5 Qxg5 32. Rxg5 Ba2+ 33. Kxa2 Rxe4 34. d5 cxd5 35. Rxd5 Rb8 36. Rf1 a4 37. Rd7 Re7 38. Rd4 Re3 39. h4 Rc8 40. Rd7 Re7 41. Rd5 Rb7 42. Rf4 Rc6 43. Rb4 Rcb6 44. Kb1 Ke7 45. Kc2 Rc7+ 46. Kd3 Rd7 47. Kd4 Rxd5+ 48. Kxd5 Rh6 49. Re4+ Kf8 50. Rg4 Ke7 51. Re4+ Kf8 52. Ke5 Ke7 53. Kf5+ Kf8 54. Kg5 Rg6+ 55. Kh5 Rc6 56. Re5 Rb6 57. Kg4 Kg7 58. h5 b4 59. Re4 bxa3 60. bxa3 Ra6 61. Re5 Kf6 62. Rb5 Ra8 63. Kf4 Ra6 64. Rc5 Ra8 65. Rc6+ Kg7 66. h6+ Kh7 67. Kg5 Rg8+ 68. Kf4 Rg6 69. Rc7 Rf6+ 70. Ke4 Kxh6 71. Ra7 Kg5 72. Ke3 Rf4 73. Ra5+ f5 74. Ra8 Re4+ 75. Kf3 Rc4 76. Rg8+ Kf6 77. Ra8 Ke5 78. Ra5+ Kd4 79. Rxf5 Kc3 80. Ke2 Rd4 81. Rf3+ Kb2 82. Rh3 Rd8 83. Rg3 Rc8 84. Kd2 Rc2+ 85. Kd1 Rh2 86. Rf3 Rh4 87. Kd2 Rd4+ 88. Rd3 Rc4 89. Rh3 Rc8 90. Rd3 Rb8 91. Kd1 Rb7 92. Rd2+ Kxa3 93. Kc1 Rb3 94. Rd4 Rh3 95. Kb1 Rh1+ 96. Kc2 Rg1 97. Re4 Rg2+ 98. Kb1 Rg3 99. Re1 Kb3 100. Ka1 1/2-1/2

[Event "FIDE Open World Rapid 2024"]
[Site "New York"]
[Date "2024.12.27"]
[Round "7.33"]
[White "Vakhidov, Jakhongir"]
[Black "Petrosian, Tigran L."]
[Result "1-0"]
[ECO "A27"]
[WhiteElo "2546"]
[BlackElo "2551"]
[Annotator "ChessBase"]
[PlyCount "79"]
[EventDate "2024.12.14"]
[EventType "swiss"]
[EventCountry "USA"]
[SourceTitle "playchess.com"]
[Source "ChessBase"]
[SourceQuality "1"]
[TimeControl "900+10"]

1. c4 e5 2. Nc3 g6 3. d4 Nc6 4. Nf3 exd4 5. Nxd4 Bg7 6. Nxc6 bxc6 7. g3 Ne7 8. Bg2 O-O 9. O-O d6 10. Bg5 Rb8 11. Qd2 c5 12. Rad1 f6 13. Be3 Be6 14. b3 Qc8 15. Bh6 Bxh6 16. Qxh6 Nf5 17. Qc1 Qa6 18. e3 Kg7 19. Qa1 Rbe8 20. Rfe1 Bc8 21. Nd5 Rf7 22. g4 Nh4 23. Nxf6 Rxf6 24. g5 Ref8 25. e4 Qc6 26. Rd3 h6 27. gxf6+ Kh7 28. Rg3 Be6 29. f4 Qd7 30. Qc3 Qd8 31. f5 Bf7 32. fxg6+ Bxg6 33. Rf1 Qe8 34. Rf4 Nxg2 35. Rxg2 Qe5 36. Qxe5 dxe5 37. Rff2 h5 38. Rg5 Bxe4 39. Rxh5+ Kg6 40. Rxe5 1-0

[Event "FIDE Open World Rapid 2024"]
[Site "New York"]
[Date "2024.12.27"]
[Round "7.33"]
[White "Madaminov, Mukhiddin"]
[Black "Manon, Reja Neer"]
[Result "1-0"]
[ECO "B33"]
[WhiteElo "2501"]
[BlackElo "2429"]
[Annotator "ChessBase"]
[PlyCount "81"]
[EventDate "2024.12.14"]
[EventType "swiss"]
[EventCountry "USA"]
[SourceTitle "playchess.com"]
[Source "ChessBase"]
[SourceQuality "1"]
[TimeControl "900+10"]

1. e4 c5 2. Nf3 e6 3. d4 cxd4 4. Nxd4 Nc6 5. Nc3 Nf6 6. Ndb5 d6 7. Bf4 e5 8. Bg5 a6 9. Na3 b5 10. Bxf6 gxf6 11. Nd5 f5 12. g3 Bg7 13. Qh5 fxe4 14. Bg2 O-O 15. Bxe4 f5 16. Bg2 e4 17. O-O-O Be6 18. Kb1 Nd4 19. Ne3 b4 20. Nac4 Rc8 21. Rxd4 Bxd4 22. Rd1 Bg7 23. Rxd6 Qe7 24. Bf1 a5 25. Be2 Kh8 26. Ra6 Rfd8 27. Rxa5 Qf6 28. Ra6 Qe7 29. h4 Rd4 30. Qg5 Bf6 31. Qh6 Qf7 32. Nd6 Bxa2+ 33. Kc1 Rxd6 34. Rxd6 Be5 35. Rc6 Rd8 36. Rc5 Bd4 37. Ra5 Be6 38. Ra6 Bc8 39. Rd6 Bxe3+ 40. fxe3 Rg8 41. Bc4 1-0

[Event "FIDE Open World Rapid 2024"]
[Site "New York"]
[Date "2024.12.27"]
[Round "7.34"]
[White "Svane, Frederik"]
[Black "Bok, Benjamin"]
[Result "1-0"]
[ECO "C50"]
[WhiteElo "2668"]
[BlackElo "2593"]
[Annotator "ChessBase"]
[PlyCount "111"]
[EventDate "2024.12.14"]
[EventType "swiss"]
[EventCountry "USA"]
[SourceTitle "playchess.com"]
[Source "ChessBase"]
[SourceQuality "1"]
[TimeControl "900+10"]

1. e4 e5 2. Nf3 Nc6 3. Bc4 Bc5 4. d3 Nf6 5. a4 O-O 6. Bg5 Be7 7. O-O d6 8. a5 h6 9. Bxf6 Bxf6 10. h3 Nb8 11. Re1 c6 12. Nc3 Nd7 13. Qd2 Rb8 14. b4 a6 15. Ne2 Kh7 16. Ng3 g6 17. c3 Bg7 18. d4 exd4 19. cxd4 c5 20. Rad1 b5 21. Bd5 c4 22. e5 Qc7 23. Qf4 dxe5 24. dxe5 f6 25. Ne4 Nxe5 26. Nxe5 fxe5 27. Qh4 Rf4 28. Qg3 Bf5 29. Nc5 Qc8 30. Be4 Bxe4 31. Nxe4 Qf5 32. Nc5 e4 33. Ne6 g5 34. Nxf4 gxf4 35. Qg4 Qxg4 36. hxg4 Re8 37. Rd7 Kg8 38. Kf1 Bc3 39. Rb1 e3 40. fxe3 fxe3 41. Ke2 Bd2 42. Rf1 Bxb4 43. Rf6 Bf8 44. Rxa6 b4 45. Rb6 Rc8 46. a6 c3 47. a7 c2 48. Rg6+ Kh8 49. Rc6 Rxc6 50. a8=Q Rf6 51. Rc7 b3 52. Qb8 Rf2+ 53. Kxe3 Rf1 54. Qxb3 c1=Q+ 55. Rxc1 Rxc1 56. Qb2+ 1-0

[Event "FIDE Open World Rapid 2024"]
[Site "New York"]
[Date "2024.12.27"]
[Round "7.34"]
[White "Ansat, Aldiyar"]
[Black "Chanda, Sandipan"]
[Result "1-0"]
[ECO "B55"]
[WhiteElo "2479"]
[BlackElo "2480"]
[Annotator "ChessBase"]
[PlyCount "95"]
[EventDate "2024.12.14"]
[EventType "swiss"]
[EventCountry "USA"]
[SourceTitle "playchess.com"]
[Source "ChessBase"]
[SourceQuality "1"]
[TimeControl "900+10"]

1. e4 c5 2. Nf3 d6 3. d4 cxd4 4. Nxd4 Nf6 5. Bd3 Nc6 6. Be3 g6 7. h3 Bg7 8. c4 Ng4 9. hxg4 Bxd4 10. Bxd4 Nxd4 11. Nc3 e5 12. f3 Be6 13. Qd2 Qa5 14. Ne2 Qxd2+ 15. Kxd2 Nxe2 16. Bxe2 Ke7 17. g5 a5 18. g3 Rac8 19. b3 f6 20. f4 exf4 21. gxf4 fxg5 22. fxg5 Rc5 23. Rag1 Re5 24. Ke3 Bd7 25. Rh4 Bc6 26. Bf3 Kf7 27. a3 b5 28. Be2 Kg7 29. Rd1 Rhe8 30. Rxd6 Bxe4 31. Kd4 Bf5 32. Bd3 Bxd3 33. Rd7+ R5e7 34. Rxe7+ Rxe7 35. Kxd3 Re5 36. Rg4 a4 37. cxb5 Rxb5 38. b4 Rf5 39. Rg3 Rf4 40. b5 h6 41. b6 hxg5 42. Rxg5 Rf8 43. Kc4 Kh6 44. Rc5 g5 45. Kb5 g4 46. b7 Rb8 47. Kb6 g3 48. Ka7 1-0

[Event "FIDE Open World Rapid 2024"]
[Site "New York"]
[Date "2024.12.27"]
[Round "7.35"]
[White "Antipov, Mikhail Al."]
[Black "Zhalmakhanov, Ramazan"]
[Result "1-0"]
[ECO "C55"]
[WhiteElo "2594"]
[BlackElo "2486"]
[Annotator "ChessBase"]
[PlyCount "61"]
[EventDate "2024.12.14"]
[EventType "swiss"]
[EventCountry "USA"]
[SourceTitle "playchess.com"]
[Source "ChessBase"]
[SourceQuality "1"]
[TimeControl "900+10"]

1. e4 e5 2. Nf3 Nc6 3. Bc4 Nf6 4. d3 h6 5. O-O d6 6. a4 g6 7. a5 Bg7 8. a6 b6 9. Bb5 Bd7 10. c4 O-O 11. Nc3 Ne7 12. Bxd7 Qxd7 13. d4 exd4 14. Nxd4 c6 15. Re1 Ng4 16. h3 Ne5 17. b3 f5 18. f4 Nf7 19. Ra2 fxe4 20. Nxe4 d5 21. Ng3 Nd8 22. Rae2 Rf7 23. Nf3 Qd6 24. Ne5 Rf8 25. Kh2 Rc8 26. c5 Qc7 27. Nd7 Nf5 28. Nxf8 Nxg3 29. Re7 Qb8 30. Nd7 Qa8 31. Rxg7+ 1-0

[Event "FIDE Open World Rapid 2024"]
[Site "New York"]
[Date "2024.12.27"]
[Round "7.35"]
[White "Dlugy, Maxim"]
[Black "Hungaski, Robert"]
[Result "1-0"]
[ECO "A80"]
[WhiteElo "2514"]
[BlackElo "2477"]
[Annotator "ChessBase"]
[PlyCount "78"]
[EventDate "2024.12.14"]
[EventType "swiss"]
[EventCountry "USA"]
[SourceTitle "playchess.com"]
[Source "ChessBase"]
[SourceQuality "1"]
[TimeControl "900+10"]

1. d4 e6 2. Bf4 f5 3. e3 Nf6 4. Nf3 b6 5. Nbd2 Bb7 6. Bd3 Be7 7. c3 O-O 8. h3 Ne4 9. Rg1 Bd6 10. Bxd6 cxd6 11. g4 d5 12. gxf5 Rxf5 13. Qc2 Qf6 14. Ne5 Rxe5 15. Bxe4 Rxe4 16. Nxe4 dxe4 17. O-O-O b5 18. Rg4 Bd5 19. Rdg1 Nc6 20. Rxg7+ Qxg7 21. Rxg7+ Kxg7 22. Qe2 a6 23. Qg4+ Kf7 24. Qh5+ Ke7 25. Qxh7+ Kd6 26. Qg7 Ne7 27. h4 Nf5 28. Qe5+ Kc6 29. b3 d6 30. Qf6 Rg8 31. h5 Rg1+ 32. Kb2 Rg2 33. Ka3 a5 34. h6 Rh2 35. Qd8 b4+ 36. cxb4 axb4+ 37. Kxb4 Rxh6 38. Ka5 Kb7 39. Qd7+ Kb8 1-0